 Dungeon Crawl Stone Soup version 0.31.0-11-ge490571c62 (webtiles) character file.

Game seed: 8983673619567820186

83 PriceMaster the Conjurer (level 4, -7/27 HPs)
             Began as an Octopode Conjurer on Feb 3, 2024.
             Killed by an exploding Natasha (24 damage)
             ... ignited by their inner flame
             ... on level 3 of the Dungeon.
             The game lasted 00:04:39 (2385 turns).

PriceMaster the Conjurer (Octopode Conjurer)        Turns: 2385, Time: 00:04:40

Health: -7/27      AC:  1    Str:  8    XL:     4   Next: 44%
Magic:  3/7        EV: 13    Int: 20    God:
Gold:   112        SH:  0    Dex: 10    Spells: 2/7 levels left

rFire   . . .        d - +1 dagger (elec)
rCold   . . .        (no shield)
rNeg    . . .        (helmet restricted)
rPois   .            (no amulet)
rElec   .            (no ring)
rCorr   .            (no ring)
SInv    .            (no ring)
Will    .....        (no ring)
Stlth   +++          (no ring)
HPRegen 0.24/turn    (no ring)
MPRegen 0.10/turn    (no ring)
                     (no ring)

%: no passive effects
@: very slightly contaminated
A: almost no armour, amphibious, 8 rings, camouflage 1, gelatinous body 1,
(nimble swimmer 1), tentacles
a: no special abilities


You were on level 3 of the Dungeon.
You visited 1 branch of the dungeon, and saw 3 of its levels.

You collected 112 gold pieces.

Inventory:

Hand Weapons
 d - a +1 dagger of electrocution (weapon)
Jewellery
 i - a ring of ice
Scrolls
 b - a scroll of identify
 f - a scroll of brand weapon {unknown}
 j - 2 scrolls of fear {unknown}
 l - a scroll of revelation {unknown}
 m - 2 scrolls of enchant armour {unknown}
Potions
 c - a potion of brilliance
 e - 2 potions of heal wounds {unknown}
 h - a potion of enlightenment {unknown}
 k - 2 potions of might {unknown}
 n - a potion of curing {unknown}


   Skills:
 + Level 2.6 Dodging
 + Level 3.2 Stealth
 + Level 0.1 Unarmed Combat
 + Level 2.4 Spellcasting
 + Level 4.8 Conjurations
 + Level 1.1 Alchemy


You had 2 spell levels left.
You knew the following spells:

 Your Spells              Type           Power      Damage    Failure   Level
a - Magic Dart            Conj           84%        1d7       1%          1
b - Searing Ray           Conj           42%        2d6       3%          2
c - Mercury Vapours       Alch/Air       8%         N/A       19%         2

Your spell library contained the following spells:

 Spells                   Type           Power      Damage    Failure   Level
 Sting                    Conj/Alch      56%        1d6       4%          1
 Apportation              Tloc           4%         N/A       16%         1
 Necrotise                Necr           8%         1d4       16%         1
 Summon Small Mammal      Summ           8%         N/A       16%         1
 Mephitic Cloud           Conj/Alch/Air  10%        N/A       21%         3
 Fulminant Prism          Conj/Alch      7%         3d7       41%         4
 Iskenderun's Mystic Bla  Conj/Tloc      12%        2d5       50%         4
 Arcjolt                  Conj/Air       6%         1d16      83%         5
 Freezing Cloud           Conj/Ice/Air   4%         6-21      91%         5
 Conjure Ball Lightning   Conj/Air       6%         3x3d6     100%        6
 Fire Storm               Conj/Fire      6%         8d2       100%        9


Dungeon Overview and Level Annotations

Branches:
Dungeon (3/15)

Altars:

Annotations:
D:3 Grinder


Innate Abilities, Weirdness & Mutations

You cannot wear most types of armour.
You are amphibious.
You can wear up to eight rings at the same time.
Your skin changes colour to match your surroundings (Stealth+).
Your rubbery body absorbs attacks. (AC +1, EV +1)
((You are camouflaged when in or above water. (Stealth+)))
You have tentacles for arms and can constrict up to eight enemies at once.


Message History

Press: ? - help, Dir - move target, f - cerulean imp
Aim: a cerulean imp, wielding a +0 spear (summoned, chance to weaken: 86%)
You miscast Mercury Vapours.
You are very lightly contaminated with residual magic.
Nothing appears to happen.
The cerulean imp closely misses you. Natasha closely misses you.
Aiming: Magic Dart (safe; 1% risk of failure)
Press: ? - help, Q - select action, (/) - cycle Shift-Dir - straight line, f/p - cerulean imp
Aim: a cerulean imp, wielding a +0 spear (summoned, 100% to hit)
Okay, then.
As you read the scroll labelled GALIYS VYSURPHINK, it crumbles to dust.
The creatures around you are filled with an inner flame!
It was a scroll of immolation.
The cerulean imp hits you from afar with a +0 spear.
Natasha claws you.
Okay, then.
Okay, then.
Casting: Magic Dart (safe; 1% risk of failure)
Confirm with . or Enter, or press ? or * to list all spells.
Aiming: Searing Ray (safe; 3% risk of failure)
Press: ? - help, Shift-Dir - straight line, f/p - cerulean imp
Aim: a cerulean imp, wielding a +0 spear (summoned, inner flame, 66% to hit)
The searing ray hits Natasha.
Flame seeps out of Natasha.
Natasha is severely wounded.
The searing ray hits the cerulean imp!
Flame seeps out of the cerulean imp.
The cerulean imp is severely wounded.
The searing ray hits Grinder.
Flame seeps out of Grinder.
Grinder is lightly wounded. (Press . to maintain the ray.)
The cerulean imp is engulfed in blazing flames.
The cerulean imp disappears in a puff of smoke!
The cerulean imp explodes!
The fiery explosion engulfs Natasha!!
Natasha screams in fury as she dies!
The fiery explosion engulfs Grinder!!
Flame seeps out of Grinder.
Grinder is severely wounded.
Natasha explodes!
The fiery explosion engulfs you!!
Ouch! That really hurt!
You die...

..#.........#.##..#
....
#........#..#.....#
.....
#..#+###.#..#.###.#
......
#..#.#...#........#
####+### ##
..#.....<..#####
#.#....###.#
#.###......#
#......#.###
.#######..##.#.@§#
......†......#.§○○#
#######........§§§5..
#................
#..............†.
#..........$###..
#..........## .
#..........#
########..


You could see Grinder (inner flame).

Vanquished Creatures
  Natasha (twice) (D:3)
  An adder (D:2)
  A dart slug (D:2)
  6 bats (D:2)
  An endoplasm (D:1)
  3 giant cockroaches (D:1)
  A goblin (D:1)
  4 hobgoblins
  9 jackals
  A kobold (D:1)
  3 quokkas (D:1)
  5 ball pythons
  2 frilled lizards
  4 rats
43 creatures vanquished.

Notes
Turn   | Place    | Note
-------+----------+-------------------------------------------
     0 | D:1      | PriceMaster the Octopode Conjurer began the quest for the
                  | Orb.
     0 | D:1      | Reached XP level 1. HP: 11/11 MP: 3/3
   479 | D:1      | Reached XP level 2. HP: 17/17 MP: 5/5
   482 | D:1      | Learned a level 2 spell: Searing Ray
  1069 | D:1      | Reached XP level 3. HP: 17/21 MP: 0/6
  1237 | D:1      | Got the Elucidation of Searing Combat Magic
  1356 | D:1      | Learned a level 2 spell: Mercury Vapours
  2177 | D:3      | Noticed Natasha
  2183 | D:3      | Killed Natasha
  2184 | D:3      | Reached skill level 1 in Alchemy
  2184 | D:3      | Reached XP level 4. HP: 27/27 MP: 0/7
  2252 | D:3      | Identified the +1 rapier of Qekema {drain, Str+4 Int-2}
  2374 | D:3      | Noticed Natasha
  2380 | D:3      | Noticed Grinder
  2385 | D:3      | Killed Natasha
  2385 | D:3      | Killed by an exploding Natasha... ignited by their inner
                  | flame

Illustrated notes

Levels and vault maps discovered:
D:1:      lemuel_arrival_cross, layout_basic, minmay_pentomino_t2
D:2:      layout_rooms, minmay_misc_feat_columns
D:3:      layout_basic, chequers_temple_overflow_statue_of_worship,
          serial_shops, nicolae_shop_competitors_out_of_business,
          grunt_ministairs_6, uniq_sigmund, uniq_natasha, uniq_grinder

Skill      XL: |  1  2  3 |
---------------+----------+-----
Stealth        | 3 |  3.2
Alchemy        | 1 |  1.1
Dodging        | |  2.6
Unarmed Combat | |  0.1
Spellcasting   | |  2.4
Conjurations   | |  4.8

Action                     |  1- 3 |  4- 6 || total
---------------------------+-------+-------++-------
  Melee: Unarmed           |     8 |       ||     8
         Tentacles         |     6 |       ||     6
         Dagger            |    20 |     2 ||    22
         Constrict         |     7 |       ||     7
   Cast: Magic Dart        |    36 |     6 ||    42
         Searing Ray       |     8 |     2 ||    10
         Mercury Vapours   |     7 |     2 ||     9
    Use: Scroll            |     1 |     1 ||     2
         Potion            |       |     1 ||     1
   Stab: Sleeping          |     1 |       ||     1
 Armour: Skin              |    16 |     6 ||    22
  Dodge: Dodged            |    31 |     3 ||    34
